Unix NetHack Version 5.0.0-0 post-release - last build May 17 2026 04:57:42 (dc50c8380fa5e20985bfe3072449f57b8d9895ef,branch:main).

Game began 2026-05-18 17:49:54, ended 2026-05-18 22:37:16.

Drastanta, lawful male human Knight

              ----
    -----    --..|
  ---.|.|   --...|
 --^....-----....---                  G
 |...............%..-
 --..|.---.......%%..
  |..|.--|...%[.%.....
  ---|:q--......)..)...
     -@q............)....                     s
    .xxq.................
     ......    >...---...
                .....<...
                 ...--..                              h
                  ..| .

Drastanta the Bachelor   St:14 Dx:10 Co:12 In:13 Wi:15 Ch:17  Lawful
Dlvl:7  $:15 HP:0(55) Pw:60(60) AC:-3 Xp:7 T:5646  Blind Deaf

Latest messages:
 A - a sapphire ring.
 F - a pine wand.
 The large box is empty.
 Your candle is getting short.
 An arrow shoots out at you!
 You are hit by an arrow.
 You are momentarily blinded by a flash of light!
 You hear a deafening roar!
 An iguana suddenly appears next to you!
 A rothe suddenly appears close by!
 A rothe suddenly appears next to you!
 A rothe suddenly appears next to you!
 A grid bug suddenly appears next to you!
 A grid bug suddenly appears next to you!
 What do you want to write with? [- aftAFNP or ?*] -
 You write in the dust with your fingertip.
 What do you want to write in the dust here? Elbereth
 Are you sure you want to pray? [yn] (n) y
 You begin praying to Lugh.
 The grid bug starts to attack you, but pulls back.
 The rothe starts to attack you, but pulls back.
 The grid bug starts to attack you, but pulls back.
 The rothe starts to attack you, but pulls back.
 The rothe starts to attack you, but pulls back.
 The grid bug starts to attack you, but pulls back.
 The rothe starts to attack you, but pulls back.
 The rothe starts to attack you, but pulls back.
 The iguana starts to attack you, but pulls back.
 You finish your prayer.
 You feel that Lugh is well-pleased.
 What do you want to write with? [- aftAFNP or ?*] -
 You write in the dust with your fingertip.
 What do you want to write in the dust here? 
 Never mind.
 What do you want to write with? [- aftAFNP or ?*] ?
 The wand is too worn out to engrave.
 The grid bug bites!
 You get zapped!
 The rothe misses!
 The rothe misses!
 The rothe bites!
 The rothe misses!
 The rothe misses!
 The rothe bites!
 You die...
 Do you want your possessions identified? [ynq] (y) y
 Do you want to see your attributes? [ynq] (y) n
 Do you want an account of creatures vanquished? [ynaq] (y) n
 Do you want to see your conduct and achievements? [ynq] (y) n
 Do you want to see the dungeon overview? [ynq] (y) n

Inventory:
 Coins    ('$')
  $ - 15 gold pieces
 Weapons  (')')
  a - a blessed +1 long sword (weapon in right hand)
  f - a +0 short sword (alternate weapon; not wielded)
 Armor    ('[')
  B - a blessed +0 dwarvish iron helm (being worn)
  d - an uncursed +0 pair of leather gloves (being worn)
  h - a blessed +1 pair of low boots (being worn)
  e - an uncursed +0 small shield (being worn)
  v - an uncursed +3 dwarvish cloak (being worn)
  c - a blessed +1 ring mail (being worn)
 Comestibles  ('%')
  y - 2 uncursed food rations
  C - an uncursed lembas wafer
 Scrolls  ('?')
  k - an uncursed scroll of enchant armor
  O - an uncursed scroll of fire
  b - an uncursed scroll of light
  E - an uncursed scroll of remove curse
  l - an uncursed scroll of taming
 Potions  ('!')
  D - an uncursed potion of confusion
  s - an uncursed potion of monster detection
  q - an uncursed potion of object detection
 Rings    ('=')
  t - an uncursed -1 ring of gain strength
  P - an uncursed ring of polymorph control
  N - an uncursed ring of slow digestion
  A - an uncursed ring of sustain ability
 Wands    ('/')
  F - a wand of striking (0:0)
 Tools    ('(')
  g - a +0 pick-axe
  x - an uncursed skeleton key
  z - an uncursed partly used tallow candle (lit)
  m - an uncursed tin whistle

Drastanta the Knight's attributes:

Background:
 You were a Bachelor, a level 7 male human Knight.
 You were lawful, on a mission for Lugh
 who was opposed by Brigit (neutral) and Manannan Mac Lir (chaotic).
 You were right-handed.
 You were in the Gnomish Mines, on level 7.
 You entered the dungeon 5646 turns ago.
 It was nighttime.
 There was a new moon in effect when your adventure ended.
 You had 688 experience points, 592 more were needed to attain level 8.

Basics:
 You had 0 out of 55 hit points.
 You had all 60 energy points (spell power).
 Your armor class was -3.
 Your wallet contained 15 zorkmids.
 Autopickup was off.

Final Characteristics:
 Your strength was 14 (limit:18/100).
 Your dexterity was 10 (limit:18).
 Your constitution was 12 (limit:18).
 Your intelligence was 13 (limit:18).
 Your wisdom was 15 (limit:18).
 Your charisma was 17 (limit:18).

Final Status:
 You were temporarily blind.
 You were deaf.
 You weren't hungry.
 You were unencumbered.
 You were wielding a long sword.
 You had basic skill with long sword and could have enhanced that.

Final Attributes:
 You were piously aligned.
 Your items were somewhat protected from fire.
 Your items were somewhat protected from cold.
 You were telepathic.
 You could jump.
 You were warded.
 Your spell casting was impaired by metallic armor.
 You were fast.
 You are dead.

Miscellaneous:
 You didn't encounter any bones levels.
 Total elapsed playing time was 2 hours, 45 minutes and 8 seconds.

Major events:
 Turn
    1: Drastanta the lawful male human Knight entered the dungeon
  505: entered the Gnomish Mines
  758: attained the rank of Esquire (level 3)
 2080: reached Mine Town
 3029: attained the rank of Bachelor (level 6)
 5646: killed by a rothe

Spells:
 Name                 Level Category     Fail Retention
 protection             1   clerical      27%  76%-100%

Skills:
 Fighting Skills
   bare handed combat [Unskilled]
   two weapon combat  [Unskilled]
   riding             [Basic]
 Weapon Skills
   dagger             [Unskilled]
   knife              [Unskilled]
   axe                [Unskilled]
   pick-axe           [Unskilled]
   short sword        [Unskilled]
   broadsword         [Unskilled]
   long sword         [Basic]
   two-handed sword   [Unskilled]
   saber              [Unskilled]
   club               [Unskilled]
   mace               [Unskilled]
   morning star       [Unskilled]
   flail              [Unskilled]
   hammer             [Unskilled]
   polearms           [Unskilled]
   spear              [Unskilled]
   trident            [Unskilled]
   lance              [Basic]
   bow                [Unskilled]
   crossbow           [Unskilled]
 Spellcasting Skills
   attack spells      [Unskilled]
   healing spells     [Unskilled]
   clerical spells    [Unskilled]

Voluntary challenges:
 Character rerolling was not enabled.
 You never genocided any monsters.
 You never polymorphed an object.
 You never changed form.
 You used no wishes.
Achievements:
 You entered the Gnomish Mines.
 You attained the rank of Esquire.
 You entered Minetown.
 You entered a temple.
 You entered a shop.
 You attained the rank of Bachelor.

 The Dungeons of Doom: levels 1 to 3
    Level 1:
    Level 2:
       Some fountains.
       Stairs down to The Gnomish Mines.
    Level 3:
 The Gnomish Mines: levels 3 to 7
    Level 3:
    Level 4:
    Level 5:
       Many shops, a temple and an altar to Lugh, some fountains.
    Level 6:
    Level 7: <- You were here.
       Final resting place for
          you, killed by a rothe.


Vanquished creatures:
  a warhorse
  4 watchmen
  2 dogs
  a dwarf leader
  a human zombie
 an imp
  a wood nymph
  2 water nymphs
  6 Mordor orcs
  a rock piercer
  a rock mole
  3 fog clouds
  3 yellow lights
  9 gnome leaders
  3 gnomish wizards
  a straw golem
  4 giant ants
  2 little dogs
  3 floating eyes
  6 dwarves
  3 homunculi
  4 hill orcs
  4 rothes
  a giant bat
 an orc zombie
  a dwarf zombie
  2 wererats
  2 werejackals
  5 iguanas
  2 coyotes
  a hobbit
  2 large kobolds
  2 hobgoblins
  a giant rat
  a cave spider
 39 gnomes
  a gnome zombie
  4 geckos
  7 jackals
  3 foxes
  a kobold
  3 goblins
  7 sewer rats
  7 grid bugs
  7 lichens
  8 newts
174 creatures vanquished.

No species were genocided or became extinct.

Game over:
                       ----------
                      /          \
                     /    REST    \
                    /      IN      \
                   /     PEACE      \
                  /                  \
                  |    Drastanta     |
                  |      15 Au       |
                  |   killed by a    |
                  |      rothe       |
                  |                  |
                  |                  |
                  |       2026       |
                 *|     *  *  *      | *
        _________)/\\_//(\/(/\)/\//\/|_)_______

Fare thee well Drastanta the Knight...

You died in The Gnomish Mines on dungeon level 7 with 3086 points,
and 15 pieces of gold, after 5646 moves.
You were level 7 with a maximum of 55 hit points when you died.

